 Seeded DCSS version 0.29.1-15-g9cfb28693d (webtiles) character file.

Game seed: 11243125695441447609 (custom seed)

64 Gelion the Vexing (level 3, -2/20 HPs)
             Began as a Deep Elf Arcane Marksman on Mar 7, 2023.
             Slain by Crazy Yiuf
             ... wielding a +2 quarterstaff of chaos
              (9 damage)
             ... on level 2 of the Dungeon.
             The game lasted 00:07:25 (2663 turns).

Gelion the Vexing (Deep Elf Arcane Marksman)        Turns: 2663, Time: 00:07:26

Health: -2/20      AC:  4    Str:  7    XL:     3   Next: 91%
Magic:  2/8        EV: 13    Int: 17    God:
Gold:   101        SH:  0    Dex: 17    Spells: 2/6 levels left

rFire   . . .      SeeInvis +   a - +1 sling
rCold   . . .      Faith    .   (no shield)
rNeg    . . .      Spirit   .   c - +0 robe
rPois   .          Reflect  .   (no helmet)
rElec   .          Harm     .   (no cloak)
rCorr   .          Rampage  .   (no gloves)
Will    .....                   u - +1 pair of boots
Stlth   ++........              p - amulet of regeneration
HPRegen 0.86/turn               s - ring of see invisible
MPRegen 0.11/turn               (no ring)

@: invisible
A: no striking features
a: no special abilities


You were on level 2 of the Dungeon.
You visited 1 branch of the dungeon, and saw 2 of its levels.

You collected 101 gold pieces.

Inventory:

Hand Weapons
 a - a +1 sling (weapon)
Armour
 c - a +0 robe (worn)
 u - a +1 pair of boots (worn)
Jewellery
 p - an amulet of regeneration (around neck)
 s - a ring of see invisible (left hand)
Wands
 t - a wand of iceblast (3)
Scrolls
 b - 2 scrolls of poison
 d - a scroll of magic mapping {unknown}
 e - 4 scrolls of butterflies {unknown}
 g - a scroll of identify {unknown}
 i - 3 scrolls of blinking {unknown}
 j - a scroll of teleportation {unknown}
 k - a scroll of brand weapon {unknown}
 l - a scroll of torment {unknown}
 r - a scroll of acquirement {unknown}
Potions
 f - a potion of mutation {unknown}
 h - a potion of attraction {unknown}
 m - a potion of curing {unknown}
 o - a potion of degeneration {unknown}
 q - a potion of berserk rage {unknown}


   Skills:
 + Level 1.3 Fighting
 * Level 4.0 Ranged Weapons
 + Level 3.0 Dodging
 + Level 2.4 Spellcasting
 + Level 4.4 Hexes


You had 2 spell levels left.
You knew the following spells:

 Your Spells              Type           Power      Damage    Failure   Level
a - Slow                  Hex            68%        N/A       3%          1
b - Portal Projectile     Hex/Tloc       18%        N/A       22%         3

Your spell library contained the following spells:

 Spells                   Type           Power      Damage    Failure   Level
 Inner Flame              Hex/Fire       9%         N/A       22%         3
 Cause Fear               Hex            8%         N/A       30%         4


Dungeon Overview and Level Annotations

Branches:
Dungeon (2/15)

Altars:

Shops:
D:2 (

Annotations:
D:2 Crazy Yiuf


Message History

You magically shoot a sling bullet.
The sling bullet hits Crazy Yiuf.
Crazy Yiuf is lightly wounded.
Crazy Yiuf hits you with a +2 quarterstaff of chaos!
Crazy Yiuf freezes you.
You magically shoot a sling bullet.
The sling bullet hits Crazy Yiuf.
Crazy Yiuf is lightly wounded.
Crazy Yiuf hits you with a +2 quarterstaff of chaos!
* * * LOW HITPOINT WARNING * * *
You fade into invisibility!
Unknown command.
You are too injured to fight recklessly!
Unknown command.
You are too injured to fight recklessly!
Unknown command.
Fire: a) +1 sling
Press: ? - help, Q - select action, (/) - cycle Shift-Dir - straight line, f/p - Crazy Yiuf
Aim: Crazy Yiuf, wielding a +2 quarterstaff of chaos and wearing a +0 cloak (lightly wounded, unable to see you, 64% to hit)
You magically shoot a sling bullet.
The sling bullet hits Crazy Yiuf.
Crazy Yiuf is moderately wounded.
Crazy Yiuf hits you but does no damage.
Fire: a) +1 sling
Press: ? - help, Q - select action, (/) - cycle Shift-Dir - straight line, f/p - Crazy Yiuf
Aim: Crazy Yiuf, wielding a +2 quarterstaff of chaos and wearing a +0 cloak (moderately wounded, unable to see you, 64% to hit)
You magically shoot a sling bullet.
The sling bullet hits Crazy Yiuf.
Crazy Yiuf is heavily wounded.
You are no longer teleporting projectiles to their destination.
Crazy Yiuf barely misses you. Crazy Yiuf misses you.
Fire: a) +1 sling
Press: ? - help, Q - select action, (/) - cycle Shift-Dir - straight line, f/p - Crazy Yiuf
Aim: Crazy Yiuf, wielding a +2 quarterstaff of chaos and wearing a +0 cloak (heavily wounded, unable to see you, 64% to hit)
You shoot a sling bullet. The sling bullet hits Crazy Yiuf.
Crazy Yiuf is severely wounded.
Crazy Yiuf misses you.
Fire: a) +1 sling
Press: ? - help, Q - select action, (/) - cycle Shift-Dir - straight line, f/p - Crazy Yiuf
Aim: Crazy Yiuf, wielding a +2 quarterstaff of chaos and wearing a +0 cloak (severely wounded, unable to see you, 64% to hit)
You shoot a sling bullet.
The sling bullet barely misses Crazy Yiuf.
Crazy Yiuf hits you with a +2 quarterstaff of chaos!
You die...

#.#'### #.).......#
#....... #.....#
#.........# ########
#.....# #.........#
#... #.....#
########### #.#.
#.....# #... #.....#
####### #..#
#####....# ###
###.#.#.### #..#
......)..#
#...##..#.P....####..#
.####....#
#...g@####PP....##..##
.##......# #)..###
##P.#........
.##.#....# ###
####...##.##
.##.####.# ##..##.#
###......# #.>...##
##########
##########.. #.#
#.#.....##.# #.#
#.#.###.##.# #.#
#.#.###.##..


You could see Crazy Yiuf (unable to see you).

Vanquished Creatures
  2 dart slugs (D:1)
  4 ball pythons
  4 bats
  6 endoplasms
  4 giant cockroaches
  5 goblins (D:1)
  7 hobgoblins
  3 quokkas
  5 frilled lizards
  5 kobolds
  8 rats
53 creatures vanquished.

Vanquished Creatures (others)
  A fungus (D:2)
1 creature vanquished.

Grand Total: 54 creatures vanquished

Notes
Turn   | Place    | Note
-------+----------+-------------------------------------------
     0 | D:1      | Gelion the Deep Elf Arcane Marksman began the quest for the
                  | Orb.
     0 | D:1      | Reached XP level 1. HP: 11/11 MP: 5/5
   443 | D:1      | Reached XP level 2. HP: 16/16 MP: 6/6
   458 | D:1      | Reached skill level 1 in Fighting
   948 | D:1      | Reached XP level 3. HP: 20/20 MP: 8/8
  1146 | D:1      | Found a faded altar of an unknown god.
  1838 | D:2      | Found Anwum's Weapon Shoppe.
  2175 | D:2      | Learned a level 3 spell: Portal Projectile
  2652 | D:2      | Found a runed translucent door.
  2653 | D:2      | Noticed Crazy Yiuf
  2663 | D:2      | Slain by Crazy Yiuf

Illustrated notes

Levels and vault maps discovered:
D:1:      dpeg_arrival_round_a, layout_basic,
          hellmonk_ecumenical_altar_slurped_away, minmay_box_of_dots
D:2:      layout_basic, serial_shops, nicolae_shop_trees,
          uniq_crazy_yiuf_cottage

Skill      XL: |  1  2  3 |
---------------+----------+-----
Ranged Weapons | 3 4 |  4.0
Fighting       | 1 |  1.3
Spellcasting   | 2 |  2.4
Dodging        | 3 |  3.0
Hexes          | |  4.4

Action                   || total
-------------------------++-------
 Fire: Sling             ||   150
 Cast: Slow              ||    34
       Portal Projectile ||     1
Armor: Robe              ||     8
Dodge: Dodged            ||    30
